 Dungeon Sprint DCSS version 0.20.1-1-g8b1a95d (webtiles) character file.

56 JustSomeDude the Covert (level 3, -1/28 HPs)
             Began as a Vampire Assassin on Aug 28, 2017.
             Was an Initiate of Uskayaw.
             Killed from afar by a gargoyle (29 damage)
             ... with a stone arrow
             ... in the Dungeon (Sprint IX: "|||||||||||||||||||||||||||||").
             The game lasted 00:02:11 (306 turns).

JustSomeDude the Covert (Vampire Assassin)           Turns: 306, Time: 00:02:12

Health: -1/28      AC:  5    Str: 10    XL:     3   Next: 69%
Magic:  3/3        EV: 15    Int: 13    God:    Uskayaw [......]
Gold:   0          SH:  0    Dex: 16    Spells: 2/2 levels left

rFire    . . .     SeeInvis +   a - +2 dagger
rCold    . . .     Gourm    .   (no shield)
rNeg     + . .     Faith    .   c - +0 robe
rPois    .         Spirit   .   (no helmet)
rElec    .         Reflect  .   d - +0 cloak
rCorr    .         Harm     .   (no gloves)
MR       .....     NoTele   +   (no boots)
Stlth    +++++.....             (no amulet)
Regen    0.1/turn               t - +2 ring of protection
MPRegen  0.1/turn               s - +2 ring of evasion

@: very slightly contaminated, hasted and slowed, invisible
A: fangs 3, see invisible, unbreathing
a: Bat Form, Renounce Religion


You were in the Dungeon.
You worshipped Uskayaw.
Uskayaw was noncommittal.
You were not thirsty.

You visited 1 branch

Inventory:

Hand Weapons
 a - a +2 dagger (weapon)
 b - a +0 blowgun
 q - a +2 rapier of venom
Missiles
 e - 8 poisoned needles
 f - 2 curare-tipped needles
Armour
 c - a +0 robe (worn)
 d - a +0 cloak (worn)
 r - a +0 pair of gloves
 u - a +1 chain mail
Jewellery
 s - a +2 ring of evasion (right hand)
 t - a +2 ring of protection (left hand)
Wands
 p - a wand of lightning (7/15)
Scrolls
 m - 2 scrolls of blinking
 n - 3 scrolls of remove curse
 o - 2 scrolls of amnesia
Potions
 g - 5 potions of blood
 h - 5 potions of curing
 k - 4 potions of magic


   Skills:
 + Level 2.6 Fighting
 + Level 3.7 Short Blades
 + Level 2.5 Throwing
 + Level 2.3 Dodging
 + Level 10.2 Stealth


You had 2 spell levels left.
You didn't know any spells.

Dungeon Overview and Level Annotations

Branches:
Dungeon (1/1)

Altars:
Cheibriados
Dithmenos
Elyvilon
Fedhas
Gozag
Hepliaklqana
Kikubaaqudgha
Makhleb
Nemelex Xobeh
Okawaru
Qazlal
Ru
Sif Muna
Trog
Uskayaw
Vehumet
Xom
Yredelemnul
Zin
The Shining One
Beogh
Jiyva
Lugonu


Innate Abilities, Weirdness & Mutations

You have razor-sharp teeth.
You have supernaturally acute eyesight. (SInv)
You can survive without breathing.


Message History

You are too injured to fight recklessly!
You are too injured to fight recklessly!
You are too injured to fight recklessly!
You are too injured to fight recklessly!
You are too injured to fight recklessly!
You are too injured to fight recklessly!
You are too injured to fight recklessly!
You are too injured to fight recklessly!
You feel much better. The wraith barely misses you.
You closely miss the wraith.
The wraith is almost destroyed.
You hit the wraith but do no damage.
The wraith is almost destroyed.
The wraith closely misses you.
You barely miss the wraith.
The wraith is almost destroyed.
The gargoyle hurls a stone arrow at you.
The stone arrow misses the wraith.
The stone arrow hits you!
Ouch! That really hurt!
You die... ▓▓▓▓▓▓▓▓▓▓▓▓▓▓▓▓▓▓▓▓▓▓▓▓ __.____'..|).[..@W9SFHZ. ▓▓▓▓▓▓▓▓▓▓▓▓▓▓▓▓▓▓▓▓▓▓▓▓

You could see a hippogriff, a wraith, a gargoyle, a bullfrog, an adder and an adder skeleton.

Vanquished Creatures
  A howler monkey (D)
  An adder (D)
  An orc (D)
  A bat zombie (D)
  A jackal (D)
  2 bats (D)
  A frilled lizard (D)
  A giant cockroach zombie (D)
  A kobold (D)
10 creatures vanquished.

Vanquished Creatures (others)
  A spatial maelstrom (D)
1 creature vanquished.

Grand Total: 11 creatures vanquished

Notes
Turn   | Place    | Note
-------+----------+-------------------------------------------
     0 | D        | JustSomeDude the Vampire Assassin began the quest for the Orb.
     0 | D        | Reached XP level 1. HP: 16/16 MP: 1/1
     5 | D        | Reached skill level 6 in Stealth
    29 | D        | Noticed a howler monkey
    33 | D        | Reached skill level 7 in Stealth
    43 | D        | Reached XP level 2. HP: 16/22 MP: 2/2
    48 | D        | Killed a howler monkey
    48 | D        | Reached skill level 9 in Stealth
    48 | D        | Reached XP level 3. HP: 16/28 MP: 3/3
    53 | D        | Reached skill level 10 in Stealth
    57 | D        | Banished a spatial maelstrom
   235 | D        | Found a roughly hewn altar of Beogh.
   235 | D        | Found a snail-covered altar of Cheibriados.
   235 | D        | Found a shadowy altar of Dithmenos.
   235 | D        | Found a white marble altar of Elyvilon.
   235 | D        | Found a blossoming altar of Fedhas.
   235 | D        | Found an opulent altar of Gozag.
   236 | D        | Found a hazy altar of Hepliaklqana.
   237 | D        | Found a viscous altar of Jiyva.
   238 | D        | Found an ancient bone altar of Kikubaaqudgha.
   239 | D        | Found a corrupted altar of Lugonu.
   240 | D        | Found a burning altar of Makhleb.
   241 | D        | Found a sparkling altar of Nemelex Xobeh.
   242 | D        | Found an iron altar of Okawaru.
   243 | D        | Found a stormy altar of Qazlal.
   244 | D        | Found a sacrificial altar of Ru.
   245 | D        | Found a deep blue altar of Sif Muna.
   246 | D        | Found a bloodstained altar of Trog.
   247 | D        | Found a hide-covered altar of Uskayaw.
   248 | D        | Found a radiant altar of Vehumet.
   250 | D        | Found a shimmering altar of Xom.
   251 | D        | Found a basalt altar of Yredelemnul.
   252 | D        | Found a glowing silver altar of Zin.
   253 | D        | Found a glowing golden altar of the Shining One.
   255 | D        | Became a worshipper of Uskayaw the Reveler
   287 | D        | Noticed a wraith
   287 | D        | Noticed a gargoyle
   287 | D        | Noticed a bullfrog
   287 | D        | Noticed a hippogriff
   306 | D        | Killed from afar by a gargoyle

Skill      XL: |  1  2  3 |
---------------+----------+-----
Stealth        | 7 9 10 | 10.2
Fighting       | 2 |  2.6
Throwing       | 2 |  2.5
Short Blades   | 3 |  3.7
Dodging        | 2 |  2.3

Action                   || total
-------------------------++-------
Melee: Dagger            ||    53
       Bite              ||     4
  Use: Potion            ||     6
Armor: Robe              ||     9
Dodge: Dodged            ||    28
